 Dungeon Crawl Stone Soup version 0.17.0-9-g801d43b (webtiles) character file.

11440 tp1 the Devastator (level 11, -7/54 HPs)
             Began as a Deep Elf Conjurer on Nov 9, 2015.
             Was an Elder of Vehumet.
             Killed from afar by an orc sorcerer (25 damage)
             ... with a bolt of negative energy
             ... on level 1 of the Orcish Mines.
             The game lasted 01:26:18 (13842 turns).

tp1 the Devastator (Deep Elf Conjurer)             Turns: 13842, Time: 01:26:18

Health: -7/54      AC:  6    Str:  5    XL:     11   Next: 49%
Magic:  0/26       EV: 14    Int: 24    God:    Vehumet [****..]
Gold:   823        SH:  0    Dex: 13    Spells: 5 memorised, 17 levels left

rFire  . . .     SeeInvis .     m - staff of energy
rCold  . . .     Clarity  +     V - +1 robe {MR+}
rNeg   . . .     SustAt   .     (no shield)
rPois  .         Gourm    .     K - +0 helmet
rElec  .         Spirit   .     (no cloak)
rCorr  .         Warding  .     h - +0 pair of gloves
rMut   .         Stasis   .     n - +0 pair of boots
MR     ++...                    (no amulet)
Stlth  ++........               O - ring of wizardry
                                E - +2 ring of evasion

@: very slightly contaminated, drained, very resistant to hostile enchantments,
unstealthy
A: hooves 1, blink, clarity, clumsy 1, deterioration 1, low mp 1, mutation
resistance 1, screaming 1, subdued magic 1
a: Blink, Renounce Religion


You were on level 1 of the Orcish Mines.
You worshipped Vehumet.
Vehumet was greatly pleased with you.
You were not hungry.

You visited 3 branches of the dungeon, and saw 13 of its levels.
You also visited: Sewer.

You collected 823 gold pieces.

Inventory:

Hand Weapons
 j - a +1 scythe of slicing
 C - a +3 short sword of flaming
Missiles
 k - 3 javelins of penetration (quivered)
Armour
 h - a +0 pair of gloves (worn)
 n - a +0 pair of boots (worn)
 B - a +2 robe of positive energy
 K - a +0 helmet (worn)
 V - a +1 robe of magic resistance (worn)
Magical Staves
 m - an uncursed staff of energy (weapon)
Jewellery
 e - an uncursed amulet of rage
 D - an uncursed ring of invisibility
 E - a +2 ring of evasion (left hand)
 F - an uncursed ring of protection from cold
 J - an uncursed ring of protection from cold
 O - a ring of wizardry (right hand)
Wands
 u - a wand of digging (23)
 y - a wand of heal wounds (4)
 z - a wand of frost (26)
 Z - a wand of confusion (29)
Scrolls
 a - 5 scrolls of identify
 g - a scroll of vulnerability {unknown}
 i - 2 scrolls of teleportation
 q - a scroll of fear
 s - a scroll of remove curse
 v - a scroll of amnesia
 w - 3 scrolls of enchant armour
 Q - a scroll of fog
 R - a scroll of blinking
Potions
 c - a potion of agility
 d - 4 potions of curing
 o - a potion of cancellation
 x - a potion of berserk rage {unknown}
 I - a potion of might
 L - a potion of heal wounds
 M - 2 potions of lignification
 P - a potion of degeneration
Books
 b - a book of Conjurations

   Spells                             Type                      Level
   a - Magic Dart                     Conjuration                  1
   b - Searing Ray                    Conjuration                  2
   c - Dazzling Spray                 Conjuration/Hexes            3
   d - Fulminant Prism                Conjuration/Hexes            4
   e - Iskenderun's Mystic Blast      Conjuration                  4
   f - Iskenderun's Battlesphere      Conjuration/Charms           5
 G - a book of Transfigurations

   Spells                             Type                      Level
   a - Stoneskin                      Transmutation/Earth          2
   b - Irradiate                      Conjuration/Transmutation    5
   c - Statue Form                    Transmutation/Earth          6
   d - Hydra Form                     Transmutation                6
   e - Dragon Form                    Transmutation                7
 H - a book of Dreams

   Spells                             Type                      Level
   a - Ensorcelled Hibernation        Hexes/Ice                    2
   b - Phase Shift                    Translocation                5
   c - Shadow Creatures               Summoning                    5
   d - Silence                        Hexes/Air                    5
   e - Darkness                       Hexes                        6
   f - Mass Confusion                 Hexes                        6
 N - a book of Annihilations

   Spells                             Type                      Level
   a - Poison Arrow                   Conjuration/Poison           6
   b - Chain Lightning                Conjuration/Air              8
   c - Lehudib's Crystal Spear        Conjuration/Earth            8
   d - Glaciate                       Conjuration/Ice              9
   e - Fire Storm                     Conjuration/Fire             9
 T - Zaipolal's Volume of Flying Toxins
   (You found it on level 8 of the Dungeon)

   Spells                             Type                      Level
   a - Repel Missiles                 Charms/Air                   2
   b - Cure Poison                    Poison                       2
   c - Mephitic Cloud                 Conjuration/Poison/Air       3
   d - Airstrike                      Air                          4
   e - Olgreb's Toxic Radiance        Poison                       4
   f - Alistair's Intoxication        Transmutation/Poison         4
Comestibles
 f - 5 meat rations
 l - 9 bread rations
 p - 4 chunks of flesh
 r - a royal jelly
 t - 4 beef jerkies
 A - 13 fruits
 Y - 8 slices of pizza


   Skills:
 - Level 2.4(1.3) Dodging
 - Level 2.4(1.3) Stealth
 + Level 12.0(10.6) Spellcasting
 - Level 15.0(13.5) Conjurations
 - Level 11.1(9.7) Charms


You had 17 spell levels left.
You knew the following spells:

 Your Spells              Type           Power        Failure   Level  Hunger
a - Magic Dart            Conj           ####         0%          1    None
b - Searing Ray           Conj           ######       0%          2    None
c - Inner Flame           Hex/Fire       #.......     1%          3    None
d - Iskenderun's Battles  Conj/Chrm      #####...     1%          5    None
e - Poison Arrow          Conj/Pois      ####......   5%          6    None


Dungeon Overview and Level Annotations

Branches:
Dungeon (10/15)            Temple (1/1) D:4            Lair (0/8) D:10
    Orc (2/4) D:10

Altars:
Ashenzari
Cheibriados
Dithmenos
Elyvilon
Fedhas
Gozag
Kikubaaqudgha
Makhleb
Nemelex Xobeh
Okawaru
Qazlal
Ru
Sif Muna
Trog
Vehumet
Xom
Yredelemnul
Zin
The Shining One

Shops:
D:6 ([=   D:7 *

Annotations:
Orc:2 HungrySpirit's ghost, journeyman DrTm


Innate Abilities, Weirdness & Mutations

You have large cloven feet.
You can translocate small distances at will.
You possess an exceptional clarity of mind.
You are clumsy. (Dex -2)
Your body sometimes deteriorates upon taking damage.
Your magical capacity is low (-10% MP).
You are somewhat resistant to further mutation.
You occasionally shout uncontrollably at your foes.
Your spells are a little easier to cast, but a little less powerful.


Message History

You conjure a globe of magical energy.
The orc sorcerer hits you with a dagger.
You closely miss the orc sorcerer.
The orc sorcerer hits you but does no damage.
Casting: Iskenderun's Battlesphere
Confirm with . or Enter, or press ? or * to list all spells.
Aiming: Magic Dart
Press: ? - help, Shift-Dir - straight line, f - orc sorcerer
Aim: an orc sorcerer, wielding a dagger and wearing a robe The magic dart hits the orc sorcerer.
The orc sorcerer is lightly wounded.
Your battlesphere fires!
The barrage of energy hits the orc sorcerer.
The orc sorcerer is moderately wounded.
The orc sorcerer closely misses you. The orc sorcerer casts a spell at you.
You resist with almost no effort.
The orc sorcerer gestures at you while chanting.
The bolt of negative energy hits you!
You feel drained.
You die...

## ########### ####### .##.#
#####.##...#..####.##..## .....#
##.##...........##.(.....#
.##.#.##...##.........###<.))....
...#...##.[#..........##().#.....
........#.............#(...#.#...
.....#.....#....@....)[........#.
......).#.#.....o...)............
........###.)).....[........#....
..........[........[...........#.
......#...........*[........#.#..
...)..#...#......)...........#...
).....##.#............#..........
......####............###........
.......##....#...###.## #.......#


You could see an orc sorcerer.

Vanquished Creatures
  Maud (D:10)
  Erica (D:9)
  Pikel (D:6)
  An orc sorcerer (Orc:1)
  A cyclops (D:9)
  Maurice (D:9)
  A centaur zombie (D:5)
  Joseph (D:8)
  A komodo dragon (D:10)
  2 two-headed ogres
  A troll (D:9)
  Sigmund (D:4)
  A human (D:9)
  A hungry ghost (D:7)
  A hippogriff (D:9)
  Menkaure (D:5)
  A mottled dragon (D:10)
  5 sky beasts
  10 ogres
  3 orc warriors
  A wasp (D:7)
  A black bear (D:6)
  2 necrophages
  An ice beast (D:9)
  3 centaurs
  3 crocodiles
  A big kobold (D:8)
  2 giant frogs (D:8)
  2 water moccasin zombies (D:8)
  4 scorpions
  4 wights (D:9)
  8 killer bees
  A giant frog zombie (D:8)
  2 wasp zombies
  A quasit (D:9)
  10 crimson imps
  3 jellies
  8 orc priests
  9 iguanas
  Jessica (D:3)
  13 orc wizards
  Natasha (thrice) (D:4)
  4 hounds
  6 worker ants
  4 sheep (D:9)
  A hound skeleton (D:9)
  2 hound zombies
  10 gnolls
  A worker ant zombie (D:6)
  7 adders
  A shadow imp (D:7)
  3 oozes
  An adder skeleton (D:7)
  2 adder zombies (D:5)
  3 worms
  77 orcs
  2 ball pythons
  6 bats
  6 giant cockroaches
  8 hobgoblins
  20 jackals
  7 giant geckos
  3 giant newts
  16 goblins
  A jackal zombie (D:7)
  13 kobolds
  5 quokkas
  11 rats
  A bush (D:1)
  A plant (D:1)
341 creatures vanquished.

Vanquished Creatures (others)
  A slave (D:6)
  A scorpion (D:6)
  An orc (Orc:1)
3 creatures vanquished.

Grand Total: 344 creatures vanquished

Notes
Turn   | Place    | Note
--------------------------------------------------------------
     0 | D:1      | tp1 the Deep Elf Conjurer began the quest for the Orb.
     0 | D:1      | Reached XP level 1. HP: 10/10 MP: 6/6
   190 | D:1      | Reached XP level 2. HP: 15/15 MP: 3/9
   403 | D:1      | Learned a level 2 spell: Searing Ray
   559 | D:1      | Reached skill level 5 in Spellcasting
   559 | D:1      | Reached XP level 3. HP: 3/19 MP: 3/11
  1995 | D:2      | Found a blossoming altar of Fedhas.
  2020 | D:2      | Reached skill level 5 in Conjurations
  2130 | D:2      | Reached XP level 4. HP: 24/24 MP: 11/13
  2362 | D:3      | Reached skill level 6 in Conjurations
  2392 | D:3      | Found a glowing drain.
  2396 | D:3      | Reached XP level 5. HP: 17/28 MP: 1/14
  2405 | Sewer    | Entered a sewer
  2554 | Sewer    | Learned a level 5 spell: Iskenderun's Battlesphere
  2942 | D:3      | Reached skill level 7 in Conjurations
  2948 | D:3      | Noticed Jessica
  2974 | D:3      | Killed Jessica
  2974 | D:3      | Reached skill level 1 in Charms
  3234 | D:3      | Reached XP level 6. HP: 32/32 MP: 13/15
  3739 | D:3      | Noticed an ogre
  3748 | D:3      | Killed an ogre
  3748 | D:3      | Reached skill level 5 in Charms
  3840 | D:3      | Reached XP level 7. HP: 15/36 MP: 3/16
  4568 | D:4      | Noticed Natasha
  4569 | D:4      | Killed Natasha
  4603 | D:4      | Noticed Natasha
  4611 | D:4      | Killed Natasha
  4707 | D:4      | Noticed Natasha
  4708 | D:4      | Killed Natasha
  4751 | D:4      | Found a shimmering altar of Xom.
  4756 | D:4      | Reached skill level 8 in Charms
  4774 | D:4      | Found a bloodstained altar of Trog.
  4781 | D:4      | Found a staircase to the Ecumenical Temple.
  4895 | D:4      | Noticed Sigmund
  4904 | D:4      | Killed Sigmund
  4958 | Temple   | Entered the Ecumenical Temple
  5260 | D:5      | Entered Level 5 of the Dungeon
  5293 | D:5      | Reached XP level 8. HP: 30/41 MP: 7/21
  5312 | D:5      | Found a shattered altar of Ashenzari.
  5314 | D:5      | Found a white marble altar of Elyvilon.
  5314 | D:5      | Found an ancient bone altar of Kikubaaqudgha.
  5314 | D:5      | Found a snail-covered altar of Cheibriados.
  5315 | D:5      | Found a basalt altar of Yredelemnul.
  5316 | D:5      | Noticed a centaur zombie
  5352 | D:5      | Killed a centaur zombie
  5352 | D:5      | Reached skill level 9 in Spellcasting
  5436 | D:5      | Reached skill level 10 in Spellcasting
  5444 | D:5      | Gained mutation: Your spells are a little harder to cast, but a little more powerful. [potion of mutation]
  5444 | D:5      | Lost mutation: Your spells are a little harder to cast, but a little more powerful. [potion of mutation]
  5444 | D:5      | Gained mutation: You can translocate small distances at will. [potion of mutation]
  5478 | D:5      | Gained mutation: Your body sometimes deteriorates upon taking damage. [mutagenic meat]
  5479 | D:5      | Gained mutation: Your magical capacity is low (-10% MP). [mutagenic meat]
  5480 | D:5      | Gained mutation: Armour fits poorly on your strangely shaped body. [mutagenic meat]
  5481 | D:5      | Gained mutation: Scrolls take you a little longer to read. [mutagenic meat]
  5498 | D:5      | Got a slimy chain mail
  5509 | D:5      | Identified the +1 chain mail of Hide-and-Seek {*Contam rF+ MR+ Slay+2} (You found it on level 5 of the Dungeon)
  5517 | D:5      | Gained mutation: You are clumsy. (Dex -2) [mutagenic glow]
  5549 | D:5      | Gained mutation: Scrolls take you longer to read. [mutagenic glow]
  5918 | D:5      | Noticed Menkaure
  5941 | D:5      | Killed Menkaure
  5941 | D:5      | Reached skill level 11 in Spellcasting
  6314 | D:6      | Reached XP level 9. HP: 36/45 MP: 14/23
  6336 | D:6      | Found Ulef's Armour Shop.
  6344 | D:6      | Found Caifoica's Antique Weapon Boutique.
  6409 | D:6      | Found Taezuq's Jewellery Emporium.
  6599 | D:6      | Noticed Pikel
  6609 | D:6      | Killed Pikel
  6634 | D:6      | Found a radiant altar of Vehumet.
  6649 | D:6      | Became a worshipper of Vehumet
  6918 | D:6      | Found a sacrificial altar of Ru.
  7098 | D:7      | Reached skill level 10 in Conjurations
  7221 | D:7      | Found a stormy altar of Qazlal.
  7347 | D:7      | Found Ziodiminn's Assorted Antiques.
  7374 | D:7      | Reached skill level 10 in Charms
  7885 | D:8      | Reached XP level 10. HP: 37/50 MP: 10/24
  7886 | D:8      | Reached * piety under Vehumet
  7886 | D:8      | Offered knowledge of Shock by Vehumet.
  8125 | D:8      | Noticed Joseph
  8136 | D:8      | Killed Joseph
  8226 | D:8      | Found a deep blue altar of Sif Muna.
  8292 | D:8      | Identified Zaipolal's Volume of Flying Toxins (You found it on level 8 of the Dungeon)
  8748 | D:9      | Noticed Erica
  8753 | D:9      | Killed Erica
  8753 | D:9      | Reached skill level 12 in Conjurations
  8979 | D:9      | Reached ** piety under Vehumet
  8979 | D:9      | Offered knowledge of Throw Frost by Vehumet.
  9156 | D:9      | Noticed Maurice
  9169 | D:9      | Killed Maurice
  9169 | D:9      | Reached skill level 13 in Conjurations
  9628 | D:9      | Found a shadowy altar of Dithmenos.
 10233 | D:9      | Noticed a cyclops
 10239 | D:9      | Killed a cyclops
 10239 | D:9      | Reached XP level 11. HP: 38/54 MP: 13/25
 10554 | D:9      | Gained mutation: You possess an exceptional clarity of mind. [potion of mutation]
 10554 | D:9      | Gained mutation: Your body often deteriorates upon taking damage. [potion of mutation]
 10556 | D:9      | Lost mutation: Scrolls take you longer to read. [potion of cure mutation]
 10556 | D:9      | Lost mutation: Armour fits poorly on your strangely shaped body. [potion of cure mutation]
 10556 | D:9      | Lost mutation: Your magical capacity is low (-10% MP). [potion of cure mutation]
 10556 | D:9      | Lost mutation: Your body often deteriorates upon taking damage. [potion of cure mutation]
 10556 | D:9      | Lost mutation: Scrolls take you a little longer to read. [potion of cure mutation]
 10921 | D:9      | Offered knowledge of Inner Flame by Vehumet.
 10926 | D:9      | Learned a level 3 spell: Inner Flame
 10975 | D:9      | Found a shadowy altar of Dithmenos.
 11767 | D:10     | Entered Level 10 of the Dungeon
 11847 | D:10     | Found a staircase to the Orcish Mines.
 12113 | D:10     | Reached skill level 14 in Conjurations
 12119 | D:10     | Gained mutation: Your magical capacity is low (-10% MP). [mutagenic meat]
 12120 | D:10     | Gained mutation: You occasionally shout uncontrollably at your foes. [mutagenic meat]
 12121 | D:10     | Gained mutation: Your spells are a little easier to cast, but a little less powerful. [mutagenic meat]
 12122 | D:10     | Gained mutation: You are somewhat resistant to further mutation. [mutagenic meat]
 12305 | D:10     | Noticed Maud
 12437 | D:10     | Learned a level 6 spell: Poison Arrow
 12643 | D:10     | Reached *** piety under Vehumet
 12772 | D:10     | Found a staircase to the Lair.
 12937 | D:10     | Killed Maud
 12941 | D:10     | Gained mutation: You have large cloven feet. [potion of mutation]
 13115 | Orc:1    | Entered Level 1 of the Orcish Mines
 13323 | Orc:1    | Offered knowledge of Throw Icicle by Vehumet.
 13335 | Orc:1    | Reached skill level 15 in Conjurations
 13804 | Orc:1    | You fall through a shaft!
 13827 | Orc:2    | Reached **** piety under Vehumet
 13828 | Orc:2    | Noticed HungrySpirit's ghost (journeyman DrTm)
 13842 | Orc:1    | Killed from afar by an orc sorcerer

Action                   |  1- 3 |  4- 6 |  7- 9 | 10-12 || total
-------------------------+-------+-------+-------+-------++-------
Melee: Short sword       |   375 |       |     1 |     4 ||   380
       Long sword        |     5 |     7 |     6 |       ||    18
       War axe           |       |       |       |     1 ||     1
       Staff             |       |       |       |     2 ||     2
Throw: Javelin           |       |     2 |       |       ||     2
 Cast: Magic Dart        |    58 |    59 |   115 |   200 ||   432
       Searing Ray       |    11 |    19 |    32 |    25 ||    87
       Iskenderun's Batt |       |       |    34 |    55 ||    89
       Poison Arrow      |       |       |       |    13 ||    13
       Inner Flame       |       |       |       |     3 ||     3
  Use: Potion            |       |       |     5 |     4 ||     9
       Scroll            |       |       |     9 |     9 ||    18
 Stab: Sleeping          |     1 |       |       |       ||     1
  Eat: Bread ration      |     1 |       |       |       ||     1
       Chunk             |       |     6 |    17 |    23 ||    46
       Meat ration       |       |       |     1 |       ||     1
       Fruit             |       |       |       |     4 ||     4
       Beef jerky        |       |       |       |     1 ||     1
